 Dungeon Crawl Stone Soup version 0.15.2 (webtiles) character file.

10 glosham the Skirmisher (level 2, -9/31 HPs)
             Began as an Ogre Arcane Marksman on Apr 9, 2017.
             Mangled by Sigmund
             ... wielding a +0 scythe
              (11 damage)
             ... on Level 2 of the Dungeon.
             The game lasted 00:07:19 (425 turns).

glosham the Skirmisher (Ogre Arcane Marksman)        Turns: 425, Time: 00:07:19

HP  -9/31        AC  3     Str 15      XL: 2   Next: 20%
MP   3/3         EV 10     Int 12      God:
Gold 9           SH  0     Dex  9      Spells:  1 memorised,  2 levels left

rFire  . . .     SeeInvis .     a - +1 dagger
rCold  . . .     Clarity  .     e - +0 robe
rNeg   . . .     rCorr    .     (shield restricted)
rPois  .         rRot     .     (helmet restricted)
rElec  .         Spirit   .     (no cloak)
SustAb .         Warding  .     (gloves unavailable)
rMut   .         Stasis   .     (boots unavailable)
Gourm  .                        (no amulet)
MR     .....                    (no ring)
                                (no ring)

@: not resistant to hostile enchantments, very unstealthy
A: unfitting armour, tough skin 1
a: no special abilities


You were on level 2 of the Dungeon.
You were not hungry.

You visited 1 branch of the dungeon, and saw 2 of its levels.

You collected 9 gold pieces.

Inventory:

Hand weapons
 a - a +1 dagger (weapon)
Armour
 e - a +0 robe (worn)
Comestibles
 f - a meat ration
Books
 d - a book of Debilitation

   Spells                             Type                      Level
   *Corona                            Hexes                        1
   Slow                               Hexes                        2
   Inner Flame                        Hexes/Fire                   3
   Enslavement                        Hexes                        4
   Cause Fear                         Hexes                        4
   Leda's Liquefaction                Hexes/Earth                  4
 g - a book of the Earth

   Spells                             Type                      Level
   Leda's Liquefaction                Hexes/Earth                  4
   Bolt of Magma                      Conjuration/Fire/Earth       5
   Statue Form                        Transmutation/Earth          6
   Iron Shot                          Conjuration/Earth            6
   Shatter                            Earth                        9


   Skills:
 * Level 3.0 Fighting
 - Level 2.1 Throwing
 - Level 1.7 Dodging
 - Level 1.2 Spellcasting
 - Level 2.1 Hexes


You had 2 spell levels left.
You knew the following spells:

 Your Spells              Type           Power        Failure   Level  Hunger
c - Corona                Hex            #......      14%         1    ##.....


Dungeon Overview and Level Annotations

Branches:
Dungeon (2/15)

Altars:

Annotations:
D:2 Sigmund


Innate Abilities, Weirdness & Mutations

You are too large for most types of armour.
You have tough skin (AC +1).


Message History

The hobgoblin hits you but does no damage.
You see here a bat corpse.
The hobgoblin closely misses you.
You see here a scroll labeled CYNA MNU NARECW.
c - a scroll labeled CYNA MNU NARECW Throwing (i - inventory):
b - 4 large rocks (quivered)
Press: ? - help, Shift-Dir - straight line, f - Sigmund
Aim: Sigmund, wielding a scythe and wearing a robe (hasn't noticed you)
You throw a large rock. The large rock barely misses Sigmund.
The hobgoblin closely misses you.
Sigmund points at you and mumbles some strange words.
You resist with significant effort.
Throwing (i - inventory):
b - 3 large rocks (quivered)
Press: ? - help, Shift-Dir - straight line, f/p - Sigmund
Aim: Sigmund, wielding a scythe and wearing a robe You throw a large rock.
The large rock closely misses Sigmund.
The hobgoblin barely misses you.
Throwing (i - inventory):
b - 2 large rocks (quivered)
Press: ? - help, Shift-Dir - straight line, f/p - Sigmund
Aim: Sigmund, wielding a scythe and wearing a robe You throw a large rock.
The large rock hits Sigmund!
Sigmund is moderately wounded.
The hobgoblin hits you.
Sigmund mumbles some strange words.
Sigmund flickers and vanishes!
Throwing (i - inventory):
b - a large rock (quivered)
Press: ? - help, Shift-Dir - straight line You throw a large rock.
The hobgoblin hits you.
You hear some strange, mumbled words.
The puff of flame hits you!
Read which item? (? for menu, Esc to quit)
As you read the scroll labeled CYNA MNU NARECW, it crumbles to dust.
It is a scroll of enchant weapon.
Enchant which weapon? (? for menu, Esc to quit)
Your +0 dagger glows red for a moment.
The hobgoblin misses you. Something hits you!
* * * LOW HITPOINT WARNING * * *
You closely miss something. The hobgoblin closely misses you.
Something hits you!
You die...

. #..# .....
#..## ...... .
... ###......
#.##.## ..#......
#.##..# #..)....#
##### #.###.#
#.......# #.(.#
###.###.##
#.......#####(#.#
#........#
#.......g.gg@.#.#
#......#.#
#..(....#######.#
#......#..
#####.......# #.#
#......##.
............# #.#
#......##.
######......# #.#
#......###
.....####'### #.#
###.#### # .....#
#.# #.# #.# #
#g#######.#
#.######$# #
.......J..#
#........# .


You could see 2 hobgoblins and a goblin.

Vanquished Creatures
  2 bats
  A goblin (D:2)
  2 hobgoblins
  2 giant newts (D:2)
  3 rats (D:1)
10 creatures vanquished.

Notes
Turn   | Place    | Note
--------------------------------------------------------------
     0 | D:1      | glosham, the Ogre Arcane Marksman, began the quest for the Orb.
     0 | D:1      | Reached XP level 1. HP: 19/19 MP: 2/2
    72 | D:1      | Reached skill level 2 in Fighting
   259 | D:2      | Reached XP level 2. HP: 29/29 MP: 0/3
   274 | D:2      | Noticed Sigmund
   353 | D:2      | Reached skill level 3 in Fighting
   423 | D:2      | HP: 2/31 [something (12)]
   425 | D:2      | Mangled by Sigmund

Action                   || total
-------------------------++-------
Melee: Dagger            ||    28
       Unarmed           ||    11
Throw: Large rock        ||     4
       Throwing net      ||     2
 Cast: Corona            ||     9
  Use: Scroll            ||     1

Table legend:
 A = Turns spent in this place as a percentage of turns spent in the entire game.
 B = Non-inter-level travel turns spent in this place as a percentage of non-inter-level travel turns spent in the entire game.
 C = Inter-level travel turns spent in this place as a percentage of turns spent in this place.
 D = Turns resting spent in this place as a percentage of non-inter-level travel turns spent in this place.
 E = Turns spent auto-exploring this place as a percentage of non-inter-level travel turns spent in this place.
 F = Non-inter-level travel turns spent in this place divided by the number of levels of this place that you've seen.
                   A       B       C       D       E      F
               +-------+-------+-------+-------+-------+----------------------
         Total | 100.0 | 100.0 |   0.8 |   0.0 |   0.0 | 178.0
       Dungeon | 100.0 | 100.0 |   0.8 |   0.0 |   0.0 | 178.0
               +-------+-------+-------+-------+-------+----------------------

Table legend:
 A = Kills in this place as a percentage of kills in entire the game.
 B = Kills by you in this place as a percentage of kills by you in the entire game.
 C = Kills by friends in this place as a percentage of kills by friends in the entire game.
 D = Other kills in this place as a percentage of other kills in the entire game.
 E = Experience gained in this place as a percentage of experience gained in the entire game.
 F = Experience gained in this place divided by the number of levels of this place that you have seen.
                   A       B       C       D       E      F
               +-------+-------+-------+-------+-------+----------------------
         Total | 100.0 | 100.0 |  -nan |  -nan | 100.0 |   7.5
       Dungeon | 100.0 | 100.0 |  -nan |  -nan | 100.0 |   7.5
               +-------+-------+-------+-------+-------+----------------------

Vault maps used:
D:1:      minmay_arrival_nine_rooms
D:2:      minmay_misc_feat_diagonals, uniq_sigmund, uniq_jessica
